Map: Blackpink LE

Players

HuT

  • Race: Terran Terran
  • Spawn Location: 1:00

Scarlett - Winner!

  • Race: Zerg Zerg
  • League: Master
  • Spawn Location: 7:00

Event: WESG 2017 Haikou

VOD

Have the link to the VOD?

Description

Time

  • Played on: March 13, 2018, 7:11 a.m.
  • Length: 8:22

All games in this series

Show
View Real Time Build Order
Export as new Build Order

HuT Terran 

Build Orders: Gas First Reaper Expand, Reaper Expand 

Get SALT Encoding   

  12  0:00  SCV  
  13  0:12  SCV  
  14  0:17  Supply Depot  
  14  0:24  SCV  
  14  0:28  Refinery  
  15  0:39  SCV  
  16  0:44  Barracks  
  16  0:51  SCV  
  17  1:03  SCV  
  18  1:15  SCV  
  19  1:31  Orbital Command, Reaper  
  20  1:42  Command Center  
  20  1:53  Factory  
  20  1:57  SCV  
  21  2:05  Barracks Reactor  
  21  2:09  SCV  
  21  2:10  Supply Depot  
  22  2:17  Refinery  
  22  2:21  SCV  
  23  2:33  SCV  
  21  2:45  SCV  
  21  2:48  Starport  
  22  2:53  Hellion x2  
  22  2:58  SCV  
  27  3:00  Barracks Tech Lab  
  27  3:11  Orbital Command  
  27  3:13  SCV  
  28  3:21  Hellion  
  28  3:26  Hellion  
  32  3:33  Viking  
  34  3:36  SCV  
  34  3:40  SCV  
  36  3:48  SCV  
  36  3:52  SCV, Supply Depot  
  38  3:55  Armory  
  38  4:00  SCV  
  38  4:02  Hellion  
  41  4:07  SCV  
  42  4:12  SCV  
  42  4:15  Marauder, Medivac  
  42  4:16  Concussive Shells  
  47  4:20  Supply Depot  
  47  4:21  SCV  
  48  4:29  Hellion x2  
  52  4:31  SCV  
  53  4:40  SCV  
  53  4:43  SCV, Supply Depot  
  55  4:50  Hellion x2  
  55  4:52  SCV  
  60  4:55  SCV  
  60  4:59  Supply Depot  
  61  5:04  Marine, Stimpack  
  61  5:05  SCV  
  63  5:07  SCV  
  63  5:11  Starport Reactor  
  64  5:17  SCV  
  64  5:20  SCV, Hellion x2  
  70  5:24  Supply Depot  
  70  5:35  SCV x2  
  72  5:41  Hellion  
  70  5:47  SCV x2  
  60  5:59  SCV x2  
  60  6:01  Barracks  
  60  6:03  Barracks  
  59  6:05  Command Center  
  59  6:08  Starport Reactor  
  59  6:09  Marine  
  59  6:10  Cyclone  
  59  6:11  SCV x2, Cyclone  
  64  6:19  Engineering Bay  
  64  6:23  SCV, Engineering Bay  
  65  6:27  Marine  
  66  6:34  SCV  
  66  6:35  SCV  
  66  6:36  Refinery  
  66  6:37  Barracks x2  
  68  6:45  Refinery  
  68  6:46  SCV  
  69  6:47  SCV  
  69  6:53  Marine x2  
  69  6:54  Marine  
  73  6:56  Factory Tech Lab  
  72  7:02  SCV  
  72  7:03  SCV, Marine x2  
  69  7:09  Supply Depot  
  63  7:18  Marine x3  
  63  7:21  Marine x2  
  64  7:27  Marine x2  
  47  7:36  Marine x3  
  47  7:39  Marine x2  
  47  7:54  Marine  
Show
View Real Time Build Order
Export as new Build Order

Scarlett Zerg - Winner!

Build Orders: Pool First 

Get SALT Encoding   

  12  0:00  Drone  
  13  0:12  Overlord  
  13  0:17  Drone  
  14  0:31  Drone x2  
  16  0:40  Spawning Pool  
  15  0:44  Drone  
  15  0:47  Drone  
  17  0:56  Drone  
  18  1:11  Hatchery  
  17  1:26  Zergling x4  
  17  1:28  Zergling x2  
  17  1:29  Queen  
  17  1:30  Extractor  
  21  1:39  Drone  
  22  1:49  Overlord  
  22  2:07  Drone, Queen  
  25  2:14  Drone  
  26  2:22  Queen  
  26  2:23  Drone  
  26  2:28  Drone  
  29  2:38  Drone x4  
  29  2:41  Drone  
  32  2:45  Drone  
  32  2:48  Overlord  
  33  2:55  Metabolic Boost  
  33  2:57  Drone  
  34  3:07  Drone x2  
  34  3:08  Hatchery  
  35  3:13  Drone  
  35  3:17  Drone x4  
  40  3:20  Drone  
  41  3:31  Overlord  
  41  3:32  Drone x3  
  44  3:36  Overlord  
  44  3:41  Overlord  
  44  3:46  Overlord  
  44  3:48  Extractor, Zergling x2  
  44  3:49  Extractor, Zergling x2  
  44  3:51  Zergling x4  
  44  3:52  Zergling x2  
  44  3:54  Drone  
  48  3:59  Drone  
  49  4:05  Drone  
  49  4:07  Queen  
  49  4:08  Drone  
  53  4:11  Drone  
  53  4:16  Drone, Lair  
  55  4:19  Roach Warren  
  55  4:20  Drone  
  55  4:24  Evolution Chamber  
  55  4:27  Drone, Evolution Chamber  
  55  4:30  Drone  
  55  4:33  Drone x2  
  55  4:37  Drone  
  55  4:38  Extractor  
  57  4:44  Drone x4  
  61  4:51  Zerg Ground Armor Level 1  
  61  4:53  Drone x2  
  61  4:54  Drone  
  61  4:58  Zerg Missile Weapons Level 1  
  61  4:59  Roach  
  66  5:01  Roach  
  66  5:03  Overlord  
  68  5:10  Roach x3  
  74  5:19  Glial Reconstitution  
  74  5:22  Roach  
  74  5:23  Roach x4  
  82  5:35  Roach  
  82  5:38  Ravager  
  81  5:42  Roach  
  81  5:46  Overlord x2  
  81  5:49  Roach x3  
  79  5:52  Queen  
  76  5:58  Drone  
  76  5:59  Drone x5  
  81  6:10  Drone  
  82  6:11  Overlord x4  
  82  6:15  Roach x2  
  86  6:21  Roach x3  
  94  6:25  Ravager  
  94  6:26  Ravager x5  
  94  6:27  Overlord  
  94  6:30  Roach  
  94  6:31  Roach  
  102  6:34  Roach x2  
  102  6:37  Roach  
  108  6:41  Roach  
  108  6:43  Roach  
  108  6:44  Queen  
  108  6:46  Roach  
  116  6:48  Roach  
  116  6:50  Roach  
  120  6:59  Ravager  
  121  7:03  Roach  
  121  7:04  Roach x3  
  129  7:14  Overlord x3  
  129  7:15  Drone x4  
Tags
 
Add a new tag
Caveats
  • Supply blocks, unpowered buildings, or Contaminate may cause inaccurate times.
  • Supply counts are checked every 10 seconds.